 Dungeon Crawl Stone Soup version 0.27.1 (webtiles) character file.

Game seed: 6116840248282200493

3140 pmoppi the Fighter (level 9, -5/79 HPs)
             Began as a Demonspawn Monk on Aug 23, 2021.
             Was a Priest of Ashenzari.
             Slain by a two-headed ogre (7 damage)
             ... on level 8 of the Dungeon.
             The game lasted 00:16:12 (8008 turns).

pmoppi the Fighter (Demonspawn Monk)                Turns: 8008, Time: 00:16:12

Health: -5/79      AC:  8    Str: 17    XL:     9   Next: 61%
Magic:  14/14      EV: 12    Int: 16    God:    Ashenzari [***...]
Gold:   592        SH:  0    Dex: 15    Spells: 13/15 levels left

rFire    . . .     SeeInvis +   a - +1 spear of Ashenzari's Visionary {Melee, Alch} (curse)
rCold    . . .     Faith    .   (no shield)
rNeg     . . .     Spirit   .   t - +1 scale mail "Disgust of Ashenzari" {Self, Range} (curse)
rPois    .         Reflect  .   (helmet unavailable)
rElec    .         Harm     .   H - +0 cloak
rCorr    .         Rampage  .   (no gloves)
Will     .....     Clarity  +   (no boots)
Stlth    +.........             c - amulet "Annoyance of Ashenzari" {Regen+, Evo, Melee} (curse)
HPRegen  1.23/turn              o - ring of Ouranomancy {Str+6, Cun, Melee} (curse)
MPRegen  0.14/turn              x - ring of flight

@: flying
A: antennae 3, hooves 2, foul stench 1, spiny 1
a: Renounce Religion, Curse Item, Shatter the Chains


You were on level 8 of the Dungeon.
You worshipped Ashenzari.
Ashenzari was most pleased with you.
You visited 1 branch of the dungeon, and saw 8 of its levels.

You collected 592 gold pieces.

Inventory:

Hand Weapons
 a - the cursed +1 spear of Ashenzari's Visionary (weapon) {Melee, Alch}

   It has a curse which improves the following skills: Melee Combat: Short
   Blades, Long Blades, Axes, Maces & Flails, Polearms, Staves and Unarmed
   Combat.
   Alchemy:   Poison Magic and Transmutations.
 p - a +0 dagger of venom
 q - a +0 long sword
Missiles
 d - 4 throwing nets (quivered)
Armour
 i - a +0 ring mail
 t - the cursed +1 scale mail "Disgust of Ashenzari" (worn) {Self, Range}
   (You found it on level 3 of the Dungeon)

   It has a curse which improves the following skills: Introspection: Fighting
   and Spellcasting.
   Ranged Combat: Slings, Bows, Crossbows and Throwing.
 A - a +0 kite shield
 H - a +0 cloak (worn)
Jewellery
 c - the cursed amulet "Annoyance of Ashenzari" (around neck) {Regen+, Evo, Melee}
   (You acquired it on level 4 of the Dungeon)

   [amulet of regeneration]

   Regen:     It increases your rate of health regeneration.
   It has a curse which improves the following skills: Evocations: Evocations.
   Melee Combat: Short Blades, Long Blades, Axes, Maces & Flails, Polearms,
   Staves and Unarmed Combat.
 k - a ring of wizardry
 o - the cursed ring of Ouranomancy (left hand) {Str+6, Cun, Melee}
   (You found it on level 2 of the Dungeon)

   [ring of strength]

   Str:       It affects your strength (+6).
   It has a curse which improves the following skills: Cunning: Dodging and
   Stealth.
   Melee Combat: Short Blades, Long Blades, Axes, Maces & Flails, Polearms,
   Staves and Unarmed Combat.
 r - an amulet of magic regeneration
 u - a +6 ring of intelligence
 x - a ring of flight (right hand)
 y - a ring of positive energy
 D - a ring of ice
 E - a ring of protection from fire
 G - a ring of magical power
Scrolls
 b - a scroll of silence
 h - 7 scrolls of identify
 j - 3 scrolls of teleportation
 n - a scroll of brand weapon
 v - 2 scrolls of enchant weapon
 z - 3 scrolls of blinking
 F - a scroll of fear
Potions
 e - 5 potions of haste
 f - 3 potions of lignification
 g - 6 potions of curing
 l - 2 potions of mutation
 m - a potion of attraction
 s - a potion of cancellation
 w - 3 potions of flight
 B - a potion of ambrosia
 C - a potion of might


   Skills:
 + Level 8.5(10.3) Fighting
 - Level 8.2(12.0) Polearms
 + Level 0.6 Armour
 - Level 5.0(6.8) Dodging
 - Level 2.0(3.4) Stealth
 + Level 0.5 Shields
 - Level 2.2(3.7) Spellcasting
 + Level 3.6(5.3) Transmutations


You had 13 spell levels left.
You knew the following spells:

 Your Spells              Type           Power      Damage    Failure   Level
a - Wereblood             Tmut           20%        N/A       11%         2

Your spell library contained the following spells:

 Spells                   Type           Power      Damage    Failure   Level
 Beastly Appendage        Tmut           40%        N/A       7%          1
 Corona                   Hex            2%         N/A       52%         1
 Foxfire                  Conj/Fire      8%         2x1d4     52%         1
 Spider Form              Tmut/Pois      5%         N/A       52%         3
 Ensorcelled Hibernation  Hex/Ice        4%         N/A       67%         2
 Conjure Flame            Conj/Fire      2%         6-21      88%         3
 Inner Flame              Hex/Fire       2%         N/A       88%         3
 Portal Projectile        Hex/Tloc       4%         N/A       88%         3
 Tukima's Dance           Hex            2%         N/A       88%         3
 Blade Hands              Tmut           10%        N/A       88%         5
 Summon Lightning Spire   Summ/Air       2%         N/A       99%         4
 Excruciating Wounds      Necr           1%         N/A       100%        5
 Storm Form               Tmut/Air       5%         N/A       100%        7
 Maxwell's Capacitive Co  Air            1%         ∞         100%        8


Dungeon Overview and Level Annotations

Branches:
Dungeon (8/15)             Temple (0/1) D:6
   Lair: D:8-11

Altars:
Ashenzari
Hepliaklqana
Kikubaaqudgha
Sif Muna

Shops:
D:2 :   D:5 *


Innate Abilities, Weirdness & Mutations

You have a pair of large antennae on your head. (SInv)
You have hoof-like feet.
You may rarely emit foul miasma when damaged in melee.
You are partially covered in sharp spines.


Message History

The two-headed ogre is moderately wounded.
You puncture the two-headed ogre!
The two-headed ogre is heavily wounded.
You completely miss the two-headed ogre.
The two-headed ogre is heavily wounded.
The two-headed ogre hits you with a +0 dire flail!!
The two-headed ogre misses you.
You are too injured to fight recklessly!
You see here 25 stones.
Reach: a) +1 spear of Ashenzari's Visionary {Melee, Alch} (curse)
Press: ? - help, Dir - move target, f - two-headed ogre
Aim: a two-headed ogre, wielding a +0 dire flail and a +0 dire flail of holy wrath (moderately wounded, about 18% to evade the cursed +1 spear of Ashenzari's Visionary)
You reach to attack!
You barely miss the two-headed ogre.
The two-headed ogre is moderately wounded.
Reach: a) +1 spear of Ashenzari's Visionary {Melee, Alch} (curse)
Press: ? - help, Dir - move target, f/p - two-headed ogre
Aim: a two-headed ogre, wielding a +0 dire flail and a +0 dire flail of holy wrath (moderately wounded, about 18% to evade the cursed +1 spear of Ashenzari's Visionary)
You reach to attack!
You hit the two-headed ogre but do no damage.
The two-headed ogre is moderately wounded.
You hit the two-headed ogre but do no damage.
You kick the two-headed ogre.
The two-headed ogre is moderately wounded.
You hit the two-headed ogre. You kick the two-headed ogre.
The two-headed ogre is heavily wounded.
The two-headed ogre is struck by your spines.
The two-headed ogre hits you with a +0 dire flail!!
The two-headed ogre closely misses you.
You hit the two-headed ogre.
The two-headed ogre is severely wounded.
You hit the two-headed ogre but do no damage.
The two-headed ogre is severely wounded.
The two-headed ogre is struck by your spines.
The two-headed ogre hits you with a +0 dire flail!!
* * * LOW HITPOINT WARNING * * *
You emit a cloud of foul miasma!
The two-headed ogre hits you with a +0 dire flail of holy wrath!
* * * LOW HITPOINT WARNING * * *
You convulse!
You die...

#.....# *
#.##### #.#
#.# #.# *
#.# #.# *
#.##########
*,
#.@O.......#
##########.#
#.# * #.##
#(.# ##.#
#.# #.####
** #.##..,,,


You could see a two-headed ogre.

Vanquished Creatures
  Harold (D:7)
  Grinder (D:5)
  A steam dragon (D:8)
  A water moccasin (D:5)
  2 ice beasts
  A necrophage (D:6)
  An orc warrior (D:5)
  2 black bears
  An ogre (D:6)
  2 centaurs
  2 kobold brigands (D:7)
  A bullfrog (D:7)
  2 water moccasin skeletons
  6 crimson imps (D:7)
  2 bullfrog zombies
  3 hounds
  A jelly (D:5)
  Crazy Yiuf (D:7)
  Jessica (D:2)
  3 iguanas
  3 orc wizards
  A howler monkey zombie (D:6)
  Robin (D:2)
  5 adders
  9 gnolls
  3 white imps (D:7)
  3 worms
  9 dart slugs
  8 orcs
  6 bats
  7 endoplasms
  7 giant cockroaches
  19 goblins
  11 hobgoblins
  11 kobolds
  3 quokkas
  4 ball pythons
  A frilled lizard (D:3)
  6 rats
152 creatures vanquished.

Vanquished Creatures (others)
  A fungus (D:7)
1 creature vanquished.

Grand Total: 153 creatures vanquished

Notes
Turn   | Place    | Note
-------+----------+-------------------------------------------
     0 | D:1      | pmoppi the Demonspawn Monk began the quest for the Orb.
     0 | D:1      | Reached XP level 1. HP: 18/18 MP: 1/1
   343 | D:1      | Gained mutation: You are partially covered in sharp spines.
                  | [demonic ancestry]
   343 | D:1      | Reached XP level 2. HP: 23/24 MP: 2/2
   870 | D:1      | Found a shimmering blue altar of Sif Muna.
   915 | D:2      | Found Panyoj's Book Boutique.
  1017 | D:2      | Gained mutation: You have a pair of small antennae on your
                  | head. [demonic ancestry]
  1017 | D:2      | Reached XP level 3. HP: 29/29 MP: 3/3
  1154 | D:2      | Noticed Jessica
  1572 | D:2      | Killed Jessica
  1573 | D:2      | Gained mutation: You have large cloven feet. [demonic
                  | ancestry]
  1573 | D:2      | Reached XP level 4. HP: 27/36 MP: 4/4
  1877 | D:2      | Noticed Robin
  1907 | D:2      | Killed Robin
  2234 | D:3      | Gained mutation: You have a pair of antennae on your head.
                  | [demonic ancestry]
  2234 | D:3      | Reached XP level 5. HP: 42/42 MP: 5/5
  2491 | D:3      | Found a faded altar of an unknown god.
  3169 | D:3      | Learned a level 2 spell: Wereblood
  3521 | D:4      | Gained mutation: You may rarely emit foul miasma when
                  | damaged in melee. [demonic ancestry]
  3521 | D:4      | Reached XP level 6. HP: 43/48 MP: 6/6
  3521 | D:4      | Identified a scroll of acquirement
  3521 | D:4      | Acquired an amulet of regeneration
  3828 | D:4      | Found a broken altar of Ashenzari.
  3974 | D:4      | Found a hazy altar of Hepliaklqana.
  4036 | D:4      | Became a worshipper of Ashenzari the Shackled
  4060 | D:5      | Entered Level 5 of the Dungeon
  4088 | D:5      | Reached skill level 5 in Polearms
  4088 | D:5      | Reached skill level 1 in Spellcasting
  4088 | D:5      | Reached skill level 1 in Transmutations
  4124 | D:5      | Found Riegot's Serpentskin Sales.
  4124 | D:5      | Noticed a water moccasin
  4130 | D:5      | Killed a water moccasin
  4131 | D:5      | Reached XP level 7. HP: 56/56 MP: 9/9
  4567 | D:5      | Reached * piety under Ashenzari
  4594 | D:5      | Noticed Grinder
  4604 | D:5      | Paralysed by Grinder for 5 turns
  4612 | D:5      | Killed Grinder
  4613 | D:5      | Reached skill level 5 in Fighting
  5046 | D:6      | Gained mutation: You have a pair of large antennae on your
                  | head. (SInv) [demonic ancestry]
  5046 | D:6      | Reached XP level 8. HP: 28/64 MP: 12/12
  5587 | D:6      | Reached skill level 5 in Dodging
  5822 | D:6      | Found a staircase to the Ecumenical Temple.
  5823 | D:6      | Reached ** piety under Ashenzari
  6166 | D:6      | Found an ancient bone altar of Kikubaaqudgha.
  6511 | D:7      | Reached *** piety under Ashenzari
  6512 | D:7      | Noticed Harold
  6561 | D:7      | Killed Harold
  6562 | D:7      | Gained mutation: You have hoof-like feet. [demonic
                  | ancestry]
  6562 | D:7      | Reached XP level 9. HP: 53/76 MP: 14/14
  7625 | D:7      | Found a runed translucent door.
  7626 | D:7      | Noticed Crazy Yiuf
  7634 | D:7      | Killed Crazy Yiuf
  7975 | D:8      | Noticed a two-headed ogre
  8008 | D:8      | HP: 2/79 [two-headed ogre (8)]
  8008 | D:8      | Slain by a two-headed ogre

Illustrated notes

Levels and vault maps discovered:
D:1:      dpeg_arrival_lava_altar, layout_rooms, serial_bayou_pond_d,
          minivault_23
D:2:      layout_basic, serial_shops, shop_statue, hangedman_decor_points,
          hangedman_abyss_or_decor_stabs, uniq_robin, uniq_jessica
D:3:      kennysheep_slugbush, layout_basic, dreamdust_ecumenical_altar_statues,
          minmay_fractal_squares_gapless_5
D:4:      layout_cave_pools, grunt_temple_overflow_open
D:5:      layout_basic, guppyfry_shop_venom, uniq_grinder
D:6:      layout_layer_cave, mainiacjoe_overflow_alcove_4,
          minmay_temple_entry_glassed_door, eino_tiny_chamber,
          serial_park_tiny_1, minivault_19
D:7:      layout_basic, minmay_nine_imps, uniq_harold, uniq_crazy_yiuf_cottage
D:8:      layout_loops_ring

Skill      XL: |  1  2  3  4  5  6  7  8  9 |
---------------+----------------------------+-----
Stealth        | 2 |  2.0
Polearms       | 3 4 5 6 8 |  8.2
Dodging        | 3 4 5 |  5.0
Fighting       | 4 5 7 8 |  8.5
Spellcasting   | 1 2 |  2.2
Transmutations | 1 2 3 |  3.6
Armour         | |  0.6
Shields        | |  0.5

Action                   |  1- 3 |  4- 6 |  7- 9 || total
-------------------------+-------+-------+-------++-------
Melee: Spear             |    82 |   197 |   287 ||   566
       Kick              |       |    43 |    91 ||   134
 Cast: Wereblood         |       |       |     1 ||     1
Invok: Curse Item        |       |     1 |     3 ||     4
  Use: Scroll            |       |     7 |       ||     7
 Stab: Sleeping          |     3 |       |       ||     3
Armor: Robe              |     2 |       |       ||     2
       Ring mail         |     4 |    19 |       ||    23
       Scale mail        |       |    17 |    55 ||    72
Dodge: Dodged            |    18 |    77 |    65 ||   160
